 Dungeon Crawl Stone Soup version 0.17.0-28-g6e173f8 (console) character file.

1823 Kloppie the Zephyrmancer (level 8, -1/46 HPs)
             Began as a High Elf Air Elementalist on Dec 2, 2015.
             Was a Follower of Vehumet.
             Killed from afar by an electric eel (9 damage)
             ... with a bolt of electricity
             ... on level 8 of the Dungeon.
             The game lasted 00:30:46 (8401 turns).

Kloppie the Zephyrmancer (HEAE)                     Turns: 8401, Time: 00:30:47

Health: -1/46      AC:  8    Str:  7    XL:     8   Next: 85%
Magic:  13/13      EV: 14    Int: 21    God:    Vehumet [*.....]
Gold:   438        SH:  6    Dex: 16    Spells: 5 memorised, 0 levels left

rFire  . . .     SeeInvis .     a - +2 long sword (flame)
rCold  . . .     Clarity  .     u - +1 robe
rNeg   + . .     SustAt   .     l - +1 buckler {AC+3}
rPois  .         Gourm    .     (no helmet)
rElec  .         Spirit   .     C - +0 cloak
rCorr  .         Warding  +     E - +0 pair of gloves
rMut   .         Stasis   .     (no boots)
MR     .....                    e - amulet of warding
Stlth  ++........               (no ring)
                                (no ring)

@: repel missiles, not resistant to hostile enchantments, unstealthy
A: no striking features
a: Renounce Religion


You were on level 8 of the Dungeon.
You worshipped Vehumet.
Vehumet was aware of your devotion.
You were hungry.

You visited 2 branches of the dungeon, and saw 9 of its levels.

You collected 438 gold pieces.

Inventory:

Hand Weapons
 a - a +2 long sword of flaming (weapon)
 b - a +0 short sword of protection
Armour
 l - a +1 buckler of protection (worn)
 u - a +1 robe (worn)
 C - a +0 cloak (worn)
 E - a +0 pair of gloves (worn)
Jewellery
 e - an amulet of warding (around neck)
 j - an uncursed amulet of faith {unknown}
 y - a cursed ring of teleportation {unknown}
 I - an uncursed ring of protection from magic {unknown}
Wands
 H - a wand of flame (35)
Scrolls
 t - 2 scrolls of enchant weapon
 D - 2 scrolls of amnesia
 G - a scroll of enchant armour
Potions
 f - a potion of might
 g - a potion of berserk rage
 h - 2 potions of lignification
 n - a potion of haste
 r - 2 potions of heal wounds {unknown}
 s - a potion of ambrosia {unknown}
 v - a potion of invisibility {unknown}
 x - a potion of poison {unknown}
 z - a potion of brilliance {unknown}
 A - a potion of resistance {unknown}
 F - a potion of curing
Books
 d - a book of Necromancy

   Spells                             Type                      Level
   a - Pain                           Necromancy                   1
   b - Animate Skeleton               Necromancy                   1
   c - Vampiric Draining              Necromancy                   3
   d - Regeneration                   Charms/Necromancy            3
   e - Animate Dead                   Necromancy                   4
   f - Control Undead                 Necromancy                   4
 m - a book of Spatial Translocations

   Spells                             Type                      Level
   a - Apportation                    Translocation                1
   b - Blink                          Translocation                2
   c - Shroud of Golubria             Charms/Translocation         2
   d - Portal Projectile              Translocation                3
   e - Teleport Other                 Translocation                3
   f - Passage of Golubria            Translocation                4
 q - a book of Air

   Spells                             Type                      Level
   a - Shock                          Conjuration/Air              1
   b - Swiftness                      Charms/Air                   2
   c - Repel Missiles                 Charms/Air                   2
   d - Static Discharge               Conjuration/Air              3
   e - Lightning Bolt                 Conjuration/Air              5
Comestibles
 c - 6 bread rations
 i - 10 slices of pizza
 k - 7 meat rations
 o - a royal jelly
 p - 4 beef jerkies
 w - a chunk of flesh
 B - 5 fruits


   Skills:
 + Level 4.9 Long Blades
 - Level 4.1 Dodging
 - Level 2.1 Stealth
 - Level 4.1 Shields
 - Level 3.2 Spellcasting
 - Level 4.6 Conjurations
 + Level 9.7 Air Magic


You couldn't memorise any spells.
You knew the following spells:

 Your Spells              Type           Power        Failure   Level  Hunger
a - Shock                 Conj/Air       ####         1%          1    None
b - Swiftness             Chrm/Air       ###.....     2%          2    ##.....
c - Static Discharge      Conj/Air       ####....     1%          3    ###....
d - Repel Missiles        Chrm/Air       ###...       2%          2    ##.....
e - Lightning Bolt        Conj/Air       ####......   21%         5    ######.


Dungeon Overview and Level Annotations

Branches:
Dungeon (8/15)             Temple (1/1) D:5
   Lair: D:8-11

Altars:
Cheibriados
Dithmenos
Elyvilon
Gozag
Makhleb
Ru
Sif Muna
Trog
Vehumet
Yredelemnul
Zin
The Shining One


Message History

The bolt of electricity hits you! x2
* * * LOW HITPOINT WARNING * * *
The bolt of electricity hits the electric eel.
The electric eel completely resists.
You slash the electric eel! You burn the electric eel.
The electric eel is severely wounded.
You miss the electric eel.
The electric eel is severely wounded.
You miss the electric eel.
The electric eel is severely wounded.
The electric eel shoots out a bolt of lightning at you!
The bolt of electricity misses you. The bolt of electricity hits you!
* * * LOW HITPOINT WARNING * * *
The bolt of electricity hits the electric eel.
The electric eel completely resists.
You barely miss the electric eel.
The electric eel is severely wounded.
The electric eel shoots out a bolt of lightning at you!
The bolt of electricity hits you!
You die...

###############
##..............
#≈≈≈≈≈≈≈≈≈≈≈≈≈≈≈
#≈≈≈≈≈≈;≈≈≈≈≈≈≈≈
#......@.......
#######'######### #### #
........#.8###.8###.8###
........)))...........).
########################
............
##.#####.####
#............
..####.#####


You could see an electric eel.

Vanquished Creatures
  The ghost of testing the Sneak, an amateur OpAs (D:3)
  A human (D:7)
  2 ogres
  2 centaurs
  A big kobold (D:8)
  3 giant frogs
  3 scorpions
  2 orc priests
  A giant frog skeleton (D:5)
  3 iguanas
  6 hounds
  2 orc wizards (D:7)
  2 worker ants
  4 sheep (D:7)
  3 hound skeletons
  12 adders
  3 gnolls
  An ooze (D:4)
  A worm (D:4)
  2 giant geckos
  21 orcs
  3 ball pythons
  5 giant cockroaches
  4 goblins
  13 hobgoblins
  10 jackals
  12 kobolds
  2 quokkas (D:7)
  6 bats
  9 giant newts
  A quokka skeleton (D:4)
  A quokka zombie (D:7)
  16 rats
  A plant (D:5)
159 creatures vanquished.

Notes
Turn   | Place    | Note
--------------------------------------------------------------
     0 | D:1      | Kloppie the High Elf Air Elementalist began the quest for the Orb.
     0 | D:1      | Reached XP level 1. HP: 11/11 MP: 4/4
   373 | D:1      | Reached XP level 2. HP: 17/17 MP: 4/6
   561 | D:1      | Learned a level 2 spell: Swiftness
   950 | D:1      | Reached skill level 4 in Air Magic
  1086 | D:1      | Reached XP level 3. HP: 21/21 MP: 6/8
  1205 | D:1      | Learned a level 3 spell: Static Discharge
  1208 | D:1      | Learned a level 2 spell: Repel Missiles
  2068 | D:2      | Reached XP level 4. HP: 27/27 MP: 2/9
  2912 | D:3      | Found a shadowy altar of Dithmenos.
  2926 | D:3      | Noticed testing's ghost (amateur OpAs)
  3041 | D:3      | Noticed an ogre
  3118 | D:4      | Reached skill level 5 in Air Magic
  3208 | D:3      | Reached XP level 5. HP: 11/31 MP: 5/10
  3470 | D:3      | Killed an ogre
  3674 | D:3      | Killed testing's ghost
  3674 | D:3      | Reached XP level 6. HP: 27/36 MP: 0/11
  3923 | D:4      | Reached skill level 6 in Air Magic
  4147 | D:4      | Noticed an ogre
  4161 | D:4      | Killed an ogre
  4161 | D:4      | Reached skill level 1 in Shields
  4161 | D:4      | Reached XP level 7. HP: 41/41 MP: 7/12
  4918 | D:4      | Found a sacrificial altar of Ru.
  5144 | D:5      | Entered Level 5 of the Dungeon
  5378 | D:5      | Reached skill level 7 in Air Magic
  5499 | D:5      | Found a staircase to the Ecumenical Temple.
  5530 | Temple   | Entered the Ecumenical Temple
  5556 | Temple   | Became a worshipper of Vehumet
  6572 | D:6      | Found a white marble altar of Elyvilon.
  6776 | D:6      | Reached XP level 8. HP: 44/46 MP: 8/13
  6846 | D:6      | Reached skill level 8 in Air Magic
  7047 | D:6      | Reached skill level 1 in Long Blades
  7498 | D:7      | Reached * piety under Vehumet
  7498 | D:7      | Offered knowledge of Flame Tongue by Vehumet.
  7543 | D:7      | Learned a level 5 spell: Lightning Bolt
  7751 | D:7      | Reached skill level 9 in Air Magic
  8401 | D:8      | Killed from afar by an electric eel

Action                   |  1- 3 |  4- 6 |  7- 9 || total
-------------------------+-------+-------+-------++-------
Melee: Short sword       |     5 |     4 |       ||     9
       Long sword        |       |     1 |   128 ||   129
 Cast: Shock             |   113 |   107 |   110 ||   330
       Swiftness         |       |     1 |       ||     1
       Static Discharge  |       |     1 |       ||     1
       Repel Missiles    |       |       |     1 ||     1
  Use: Scroll            |     6 |     3 |     8 ||    17
       Potion            |       |     2 |       ||     2
 Stab: Sleeping          |       |       |     2 ||     2
  Eat: Chunk             |     3 |     6 |    11 ||    20
       Fruit             |       |       |     3 ||     3
